 Dungeon Crawl Stone Soup version 0.31-a0-161-gb58dd9be76 (webtiles) character file.

Game seed: 5413897445823425485

47071 qw the Severer (level 14, 0/90 HPs)
             Began as a Gargoyle Fighter on June 12, 2023.
             Was an Elder of Okawaru.
             Slain by a profane servitor
             ... wielding a +1 whip
              (6 damage)
             ... on level 1 of the Abyss.
             The game lasted 00:07:40 (14787 turns).

qw the Severer (Gargoyle Fighter)                  Turns: 14787, Time: 00:07:41

Health: 0/90       AC: 35    Str: 26    XL:     14   Next: 40%
Magic:  20/21      EV: 12    Int:  8    God:    Okawaru [****..]
Gold:   757        SH:  7    Dex: 15    Spells: 13/13 levels left

rFire   . . .        Y - +2 war axe (drain)
rCold   . . .        c - +0 buckler
rNeg    + . .        s - +1 plate armour {Will+}
rPois   inf          o - +0 helmet
rElec   +            p - +0 cloak
rCorr   .            j - +0 pair of gloves
SInv    .            f - +0 pair of boots
Will    ++...        q - amulet of the acrobat Stlth
                     e - +6 ring of dexterity
HPRegen 0.35/turn    (no ring)
MPRegen 0.17/turn

%: acrobat
@: about to teleport, heroic, flying, wreathed by umbra
A: sickness immunity, AC +10, big wings, negative energy resistance 1,
electricity resistance, torment resistance 1, petrification resistance
a: Renounce Religion, Heroism, Finesse


You were on level 1 of the Abyss.
You worshipped Okawaru.
Okawaru was greatly pleased with you.
You visited 3 branches of the dungeon, and saw 15 of its levels.
You visited the Abyss 1 time.
You also visited: Ossuary.

You collected 1078 gold pieces.
You spent 321 gold pieces at shops.


Innate Abilities, Weirdness & Mutations

You are immune to sickness and miasma.
Your stone body is resilient. (AC +10)
You are immune to poison.
Your large and strong wings let you fly.
You resist negative energy. (rN+)
You are resistant to electric shocks. (rElec)
You are resistant to unholy torment.
You are immune to petrification.


   Skills:
 + Level 11.4(16.4) Fighting
 - Level 15.0(20.0) Axes
 - Level 4.5(9.5) Throwing
 - Level 11.0(16.0) Armour
 - Level 4.0(9.0) Dodging
 - Level 7.1(12.1) Shields
 - Level 10.0 Invocations


You had 13 spell levels left.
You didn't know any spells.
Your spell library was empty.

Inventory:

Hand Weapons
 i - a -1 demon whip of venom
 r - a +0 morningstar
 Y - a +2 war axe of draining (weapon)
Armour
 c - a +0 buckler (worn)
 f - a +0 pair of boots (worn)
 j - a +0 pair of gloves (worn)
 o - a +0 helmet (worn)
 p - a +0 cloak (worn)
 s - a +1 plate armour of willpower (worn)
 y - +0 acid dragon scales
Jewellery
 e - a +6 ring of dexterity (left hand)
 q - an amulet of the acrobat (around neck)
 B - a ring of fire
Wands
 m - a wand of digging (17)
Scrolls
 a - 7 scrolls of identify
 t - 7 scrolls of teleportation
Potions
 b - 2 potions of haste
 d - a potion of might
 g - 3 potions of lignification
 h - a potion of magic
 k - a potion of resistance
 l - a potion of attraction
 u - 2 potions of curing
 v - 3 potions of mutation

Dungeon Overview and Level Annotations

Branches:
Dungeon (9/15)             Temple (1/1) D:5            Lair (5/5) D:9
  Swamp (0/4) Lair:2       Spider (0/4) Lair:2        Slime (0/5) Lair:5
    Orc (0/2) D:9         Ossuary (visited)

Altars:
Ashenzari
Cheibriados
Dithmenos
Elyvilon
Fedhas
Gozag
Hepliaklqana
Kikubaaqudgha
Makhleb
Nemelex Xobeh
Okawaru
Qazlal
Ru
Sif Muna
Trog
Uskayaw
Vehumet
Wu Jian
Xom
Yredelemnul
The Shining One

Shops:
D:4 *!:?   D:5 *


Message History

The profane servitor hits you but does no damage.
You block the profane servitor's attack.
The smoke demon barely misses you. The smoke demon closely misses you.
The smoke demon hits you but does no damage.
The hellwing closely misses you. x2
The hellwing hits you but does no damage. x2
You barely miss the profane servitor.
The profane servitor is heavily damaged.
You slash the hellwing! You barely miss the smoke demon.
You completely miss the hellwing.
The profane servitor closely misses you.
The profane servitor hits you with a +1 whip.
The hellwing hits you but does no damage.
You block the hellwing's attack.
The smoke demon hits you but does no damage. x2
You block the smoke demon's attack. The hellwing barely misses you.
The hellwing misses you.
You slash the profane servitor!
The profane servitor is heavily damaged.
You hit the smoke demon but do no damage.
You hit the hellwing but do no damage. x2
The profane servitor hits you with a +1 whip!
You block the profane servitor's attack.
You barely miss the profane servitor.
The profane servitor is heavily damaged.
You hit the hellwing but do no damage. You slash the hellwing!
You miss the smoke demon. The profane servitor barely misses you.
The profane servitor hits you but does no damage.
The hellwing hits you but does no damage.
The hellwing barely misses you. The smoke demon misses you.
You block the smoke demon's attack.
The smoke demon hits you but does no damage.
The hellwing hits you. You block the hellwing's attack.
You hit the profane servitor but do no damage.
The profane servitor is heavily damaged.
You hit the hellwing but do no damage. You hit the hellwing.
You slash the smoke demon!
The profane servitor hits you with a +1 whip.
You die...

.... ......# .#..
....# #... . ¤. .#
#.#.. #...# ..
##...##.¤#¤# ## .
. #.........##..#
.......##.....#
..#......4#...#...
. #......#@4#.. #
##.....3A...#..#
#.....#...#.#
.##.. ....#.# ..
#.......... . ..
..#..... #
...#..##..#
#.#.##.##..


You could see a profane servitor, 2 hellwings and a smoke demon.

Vanquished Creatures
  Harold (D:9)
  2 hydras (Lair:4)
  4 catoblepae
  Erica (D:8)
  A boulder beetle (Lair:3)
  A demonic crawler (Lair:2)
  13 death yaks
  Amaemon (D:9)
  A skyshark (Lair:4)
  A lindwurm (Lair:2)
  2 oklob plants (Lair:5)
  16 elephants
  A torpor snail (Lair:4)
  3 black mambas
  An orange demon (D:9)
  8 cane toads
  A gargoyle (D:9)
  5 rime drakes
  7 komodo dragons
  2 polar bears
  A troll (D:5)
  Grinder (D:4)
  9 blink frogs
  A large abomination (Abyss:1)
  A spriggan (Lair:1)
  43 yaks
  Sigmund (D:2)
  7 wyverns
  5 basilisks
  A steam dragon (D:8)
  5 vampire mosquitoes (Lair:2)
  Menkaure (D:6)
  An acid dragon (D:9)
  18 water moccasins
  An ice beast (D:5)
  A sky beast (D:6)
  3 orc warriors (D:9)
  A black bear (Lair:2)
  15 wolves
  2 centaurs
  2 elf zombies (Ossuary)
  A phantom (D:6)
  A kobold brigand (D:9)
  8 bullfrogs
  6 scorpions (Lair:2)
  4 wights (D:7)
  10 killer bees
  3 howler monkeys
  3 centaur zombies (Ossuary)
  4 hounds (D:5)
  7 orc priests
  A jelly (D:6)
  A human zombie (Ossuary)
  A gnoll bouda (D:7)
  2 sleepcaps (D:5)
  Natasha (D:2)
  An iguana (D:5)
  Terence (D:3)
  5 hell rats (Lair:4)
  8 orc wizards
  2 hound zombies (Ossuary)
  3 mummies (Ossuary)
  7 adders
  6 gnolls
  3 white imps
  3 ufetubi
  An adder zombie (Ossuary)
  2 worms
  2 dart slugs
  49 orcs
  7 ball pythons
  A bat (D:1)
  3 endoplasms
  4 giant cockroaches
  10 goblins
  10 hobgoblins
  12 kobolds
  4 quokkas
  6 frilled lizards
  A gnoll zombie (Ossuary)
  4 goblin zombies (Ossuary)
  3 hobgoblin zombies (Ossuary)
  6 jackal zombies (Ossuary)
  4 kobold zombies (Ossuary)
  2 orc zombies (Ossuary)
  4 quokka zombies (Ossuary)
  6 rats
  3 rat zombies
428 creatures vanquished.

Notes
Turn   | Place    | Note
-------+----------+-------------------------------------------
     0 | D:1      | qw the Gargoyle Fighter began the quest for the Orb.
     0 | D:1      | Reached XP level 1. HP: 14/14 MP: 1/1
     0 | D:1      | 0 ||| qw: Version: 0.2-a-29-gc1b59c4
     0 | D:1      | 0 ||| qw: Game counter: 4240
     0 | D:1      | 0 ||| qw: Always use a shield: true
     0 | D:1      | 0 ||| qw: God list: Okawaru
     0 | D:1      | 0 ||| qw: Allow faded altars: false
     0 | D:1      | 0 ||| qw: Do Orc after D:15 true
     0 | D:1      | 0 ||| qw: Do second Lair branch before Depths: true
     0 | D:1      | 0 ||| qw: Lair rune preference: random
     0 | D:1      | 0 ||| qw: Plans: Normal, Zot:1-4, Slime:5, God:TSO, Crypt,
                  | Tomb, Abyss, Pan, Hells, Win
     0 | D:1      | 0 ||| PLANNING D:1-11
     4 | D:1      | Noticed a demigod
     4 | D:1      | Noticed an octopode
     6 | D:1      | Noticed a meteoran
     6 | D:1      | Noticed a minotaur
     8 | D:1      | Noticed a formicid
    10 | D:1      | Noticed a gargoyle
    10 | D:1      | Noticed a vine stalker
    12 | D:1      | Noticed a draconian
    12 | D:1      | Noticed an elf
    14 | D:1      | Noticed an ogre
    14 | D:1      | Noticed a human
    16 | D:1      | Noticed a merfolk
    16 | D:1      | Noticed an armataur
    18 | D:1      | Noticed a spriggan
    20 | D:1      | Noticed a demonspawn
    20 | D:1      | Noticed a felid
    22 | D:1      | Noticed a vampire
    22 | D:1      | Noticed a troll
    24 | D:1      | Noticed a tengu
    24 | D:1      | Noticed a ghoul
    26 | D:1      | Noticed an octopode
    28 | D:1      | Noticed an ogre
    28 | D:1      | Noticed an armataur
   170 | D:1      | Reached skill level 2 in Axes
   337 | D:1      | Reached XP level 2. HP: 19/19 MP: 2/2
   809 | D:1      | 809 ||| READING scroll labelled JIRGHI XAIBRO.
   810 | D:1      | 810 ||| READING scroll labelled GUNEUS ZYDO.
   811 | D:1      | 811 ||| READING scroll labelled VIKAUCS GASOO.
   879 | D:2      | Reached skill level 3 in Axes
   879 | D:2      | Reached XP level 3. HP: 21/23 MP: 3/3
  1162 | D:2      | 1162 ||| READING scroll labelled CANTENN WIWEEQ.
  1260 | D:2      | 1260 ||| UPGRADING to +6 ring of dexterity.
  1418 | D:2      | 1418 ||| Stepping ~*~*~tactically~*~*~ (hiding).
  1419 | D:2      | 1419 ||| Stepping ~*~*~tactically~*~*~ (hiding).
  1544 | D:2      | Noticed Natasha
  1548 | D:2      | Killed Natasha
  1549 | D:2      | Reached skill level 1 in Dodging
  1549 | D:2      | Reached XP level 4. HP: 24/28 MP: 4/4
  1606 | D:2      | Found a basalt altar of Yredelemnul.
  1745 | D:2      | Noticed Sigmund
  1746 | D:2      | 1746 ||| Stepping ~*~*~tactically~*~*~ (hiding).
  1756 | D:2      | Killed Sigmund
  1757 | D:2      | Reached skill level 5 in Axes
  1757 | D:2      | Reached XP level 5. HP: 26/32 MP: 5/5
  1757 | D:2      | Reached XP level 6. HP: 30/37 MP: 6/6
  2020 | D:2      | 2020 ||| UPGRADING to +0 pair of gloves.
  2025 | D:2      | 2025 ||| DRINKING 2 orange potions.
  2095 | D:3      | Found a blossoming altar of Fedhas.
  2131 | D:3      | 2131 ||| Stepping ~*~*~tactically~*~*~ (stealth).
  2133 | D:3      | 2133 ||| Stepping ~*~*~tactically~*~*~ (stealth).
  2135 | D:3      | 2135 ||| Stepping ~*~*~tactically~*~*~ (stealth).
  2145 | D:3      | 2145 ||| FLEEEEING.
  2146 | D:3      | 2146 ||| FLEEEEING.
  2148 | D:3      | 2148 ||| FLEEEEING.
  2149 | D:3      | 2149 ||| FLEEEEING.
  2150 | D:3      | 2150 ||| FLEEEEING.
  2153 | D:3      | 2153 ||| FLEEEEING.
  2154 | D:3      | 2154 ||| FLEEEEING.
  2158 | D:3      | 2158 ||| FLEEEEING.
  2159 | D:3      | 2159 ||| FLEEEEING.
  2160 | D:3      | 2160 ||| FLEEEEING.
  2161 | D:3      | 2161 ||| FLEEEEING.
  2162 | D:3      | 2162 ||| FLEEEEING.
  2163 | D:3      | 2163 ||| FLEEEEING.
  2166 | D:3      | 2166 ||| FLEEEEING.
  2167 | D:3      | 2167 ||| FLEEEEING.
  2168 | D:3      | 2168 ||| FLEEEEING.
  2169 | D:3      | 2169 ||| FLEEEEING.
  2170 | D:3      | 2170 ||| FLEEEEING.
  2171 | D:3      | 2171 ||| FLEEEEING.
  2172 | D:3      | 2172 ||| FLEEEEING.
  2173 | D:3      | 2173 ||| FLEEEEING.
  2176 | D:3      | 2176 ||| STAIRDANCE
  2198 | D:2      | 2198 ||| UPGRADING to +0 helmet.
  2238 | D:3      | 2238 ||| DROPPING +0 club.
  2325 | D:3      | 2325 ||| Stepping ~*~*~tactically~*~*~ (stealth).
  2326 | D:3      | 2326 ||| Stepping ~*~*~tactically~*~*~ (stealth).
  2431 | D:3      | 2431 ||| DROPPING +0 whip.
  2473 | D:3      | 2473 ||| FLEEEEING.
  2474 | D:3      | 2474 ||| FLEEEEING.
  2479 | D:3      | 2479 ||| FLEEEEING.
  2484 | D:3      | 2484 ||| Stepping ~*~*~tactically~*~*~ (hiding).
  2522 | D:3      | Found a stormy altar of Qazlal.
  2788 | D:3      | Found a faded altar of an unknown god.
  2788 | D:3      | Noticed Terence
  2789 | D:3      | 2789 ||| Stepping ~*~*~tactically~*~*~ (water).
  2796 | D:3      | Killed Terence
  2906 | D:3      | 2906 ||| UPGRADING to +0 cloak.
  2911 | D:3      | 2911 ||| READING scroll labelled TIMYNO KOIS.
  2912 | D:3      | 2912 ||| READING scroll labelled BES KIQIWK.
  2913 | D:3      | 2913 ||| DRINKING 2 bubbling golden potions.
  2914 | D:3      | 2914 ||| DROPPING potion of enlightenment.
  2915 | D:3      | 2915 ||| DROPPING potion of berserk rage.
  2993 | D:4      | 2993 ||| Stepping ~*~*~tactically~*~*~ (stealth).
  2995 | D:4      | 2995 ||| Stepping ~*~*~tactically~*~*~ (stealth).
  3130 | D:4      | 3130 ||| Stepping ~*~*~tactically~*~*~ (hiding).
  3265 | D:4      | Noticed Grinder
  3266 | D:4      | 3266 ||| Stepping ~*~*~tactically~*~*~ (hiding).
  3271 | D:4      | Paralysed by Grinder for 2 turns
  3285 | D:4      | Killed Grinder
  3286 | D:4      | Reached skill level 6 in Axes
  3286 | D:4      | Reached XP level 7. HP: 30/43 MP: 7/7
  3416 | D:4      | 3416 ||| Stepping ~*~*~tactically~*~*~ (stealth).
  3417 | D:4      | 3417 ||| Stepping ~*~*~tactically~*~*~ (stealth).
  3455 | D:4      | Found Epiriucw's Distillery.
  3456 | D:4      | Found Yddeil's Magic Scroll Emporium.
  3456 | D:4      | Found Xeschun's Book Shoppe.
  3457 | D:4      | Found Luiz's General Store.
  3461 | D:4      | 3461 ||| BUYING 2 scrolls of identify (52 gold).
  3461 | D:4      | Bought 2 scrolls of identify for 52 gold pieces
  3461 | D:4      | 3461 ||| BUYING scroll of enchant weapon (97 gold).
  3461 | D:4      | Bought a scroll of enchant weapon for 97 gold pieces
  3461 | D:4      | 3461 ||| BUYING scroll of identify (26 gold).
  3461 | D:4      | Bought a scroll of identify for 26 gold pieces
  3461 | D:4      | 3461 ||| BUYING scroll of identify (26 gold).
  3461 | D:4      | Bought a scroll of identify for 26 gold pieces
  3461 | D:4      | 3461 ||| BUYING scroll of teleportation (39 gold).
  3461 | D:4      | Bought a scroll of teleportation for 39 gold pieces
  3461 | D:4      | 3461 ||| SHOPLISTING scroll of teleportation (39 gold, have
                  | 7).
  3461 | D:4      | 3461 ||| READING scroll of enchant weapon.
  3461 | D:4      | 3461 ||| ENCHANTING +0 war axe.
  3519 | D:4      | 3519 ||| Stepping ~*~*~tactically~*~*~ (stealth).
  3715 | D:4      | 3715 ||| SHOPLISTING +4 ring mail of poison resistance (308
                  | gold, have 7).
  3715 | D:4      | 3715 ||| SHOPLISTING scroll of identify (22 gold, have 7).
  3717 | D:4      | 3717 ||| SHOPLISTING 2 potions of heal wounds (100 gold,
                  | have 7).
  3717 | D:4      | 3717 ||| SHOPLISTING potion of attraction (30 gold, have
                  | 7).
  3717 | D:4      | 3717 ||| SHOPLISTING potion of cancellation (80 gold, have
                  | 7).
  3717 | D:4      | 3717 ||| SHOPLISTING potion of curing (30 gold, have 7).
  3874 | D:4      | Found a radiant altar of Vehumet.
  4054 | D:4      | 4054 ||| UPGRADING to amulet of the acrobat.
  4059 | D:4      | 4059 ||| READING scroll labelled IKORGH RENAERO.
  4059 | D:4      | Identified a scroll of acquirement
  4059 | D:4      | 4059 ||| ACQUIRING +2 heavy war axe
  4059 | D:4      | Acquired a +2 heavy war axe
  4061 | D:4      | 4061 ||| SWAPPING to +2 heavy war axe.
  4062 | D:4      | 4062 ||| DROPPING +1 war axe.
  4063 | D:4      | 4063 ||| DRINKING 2 metallic inky potions.
  4064 | D:4      | 4064 ||| READING 6 scrolls of identify.
  4064 | D:4      | 4064 ||| IDENTIFYING inky potion
  4065 | D:4      | 4065 ||| READING 5 scrolls of identify.
  4065 | D:4      | 4065 ||| IDENTIFYING fuming ruby potion
  4066 | D:4      | 4066 ||| READING 4 scrolls of identify.
  4066 | D:4      | 4066 ||| IDENTIFYING brown potion
  4067 | D:4      | 4067 ||| READING 3 scrolls of identify.
  4067 | D:4      | 4067 ||| IDENTIFYING coppery potion
  4068 | D:4      | 4068 ||| DROPPING potion of brilliance.
  4089 | D:5      | Entered Level 5 of the Dungeon
  4139 | D:5      | 4139 ||| Stepping ~*~*~tactically~*~*~ (hiding).
  4142 | D:5      | 4142 ||| Stepping ~*~*~tactically~*~*~ (hiding).
  4144 | D:5      | 4144 ||| Stepping ~*~*~tactically~*~*~ (hiding).
  4145 | D:5      | 4145 ||| Stepping ~*~*~tactically~*~*~ (hiding).
  4265 | D:5      | Reached skill level 7 in Axes
  4316 | D:5      | Found a snail-covered altar of Cheibriados.
  4418 | D:5      | Reached XP level 8. HP: 45/49 MP: 8/8
  4420 | D:5      | 4420 ||| DRINKING potion of curing.
  4420 | D:5      | 4420 ||| (to cure confusion)
  4428 | D:5      | Reached skill level 1 in Throwing
  4563 | D:5      | Found a staircase to the Ecumenical Temple.
  4564 | D:5      | 4564 ||| PLANNING TEMPLE
  4564 | D:5      | 4564 ||| UPGRADING to +0 chain mail.
  4574 | D:5      | 4574 ||| DROPPING +0 scale mail.
  4575 | D:5      | 4575 ||| READING 2 scrolls of identify.
  4575 | D:5      | 4575 ||| IDENTIFYING fuming coppery potion
  4581 | Temple   | Entered the Ecumenical Temple
  4589 | Temple   | 4589 ||| PLANNING OKAWARU WORSHIP
  4630 | Temple   | Became a worshipper of Warmaster Okawaru
  4630 | Temple   | 4630 ||| PLANNING D:1-11
  4734 | D:5      | Found Hasam's Assorted Antiques.
  4741 | D:5      | 4741 ||| SHOPLISTING encrusted steel ring (140 gold, have
                  | 88).
  4741 | D:5      | 4741 ||| BUYING fuming yellow potion (25 gold).
  4741 | D:5      | Bought a fuming yellow potion for 25 gold pieces
  4741 | D:5      | 4741 ||| SHOPLISTING glowing diamond amulet (140 gold, have
                  | 63).
  4741 | D:5      | 4741 ||| SHOPLISTING glowing plate armour (728 gold, have
                  | 63).
  4741 | D:5      | 4741 ||| SHOPLISTING potion of heal wounds (140 gold, have
                  | 63).
  4741 | D:5      | 4741 ||| SHOPLISTING potion of lignification (84 gold, have
                  | 63).
  4741 | D:5      | 4741 ||| BUYING scroll of identify (56 gold).
  4741 | D:5      | Bought a scroll of identify for 56 gold pieces
  4741 | D:5      | 4741 ||| SHOPLISTING smouldering war axe (238 gold, have
                  | 7).
  4750 | D:5      | Noticed a troll
  4762 | D:5      | HP: 8/49 [troll (12)]
  4763 | D:5      | 4763 ||| READING 3 scrolls of teleportation.
  4764 | D:5      | 4764 ||| DRINKING potion of heal wounds.
  4766 | D:5      | Killed a troll
  4808 | D:5      | 4808 ||| Stepping ~*~*~tactically~*~*~ (stealth).
  4904 | D:5      | 4904 ||| Stepping ~*~*~tactically~*~*~ (stealth).
  5079 | D:5      | 5079 ||| READING 2 scrolls of identify.
  5079 | D:5      | 5079 ||| IDENTIFYING fuming yellow potion
  5080 | D:5      | 5080 ||| DROPPING potion of invisibility.
  5100 | D:6      | Noticed Menkaure
  5103 | D:6      | 5103 ||| STAIRDANCE
  5109 | D:5      | Reached skill level 8 in Axes
  5165 | D:6      | 5165 ||| STAIRDANCE
  5235 | D:6      | Killed Menkaure
  5235 | D:6      | Reached * piety under Okawaru
  5288 | D:6      | Reached skill level 6 in Fighting
  5350 | D:6      | Reached skill level 1 in Invocations
  5350 | D:6      | Reached XP level 9. HP: 55/55 MP: 8/10
  5428 | D:6      | 5428 ||| INVOKING Heroism.
  5448 | D:6      | 5448 ||| Stepping ~*~*~tactically~*~*~ (stealth).
  5449 | D:6      | 5449 ||| INVOKING Heroism.
  5667 | D:6      | Identified the +5 dagger "Wananoq" {freeze, *Slow +Blink
                  | rN++ rCorr}
  5825 | D:6      | 5825 ||| READING scroll labelled HEOLAFR EREEFU.
  5826 | D:6      | 5826 ||| READING scroll labelled LETHIM PUURR.
  5862 | D:7      | 5862 ||| PLANNING OSSUARY
  5862 | D:7      | 5862 ||| INVOKING Heroism.
  5872 | D:7      | 5872 ||| STAIRDANCE
  5958 | D:7      | Reached skill level 9 in Axes
  5960 | D:7      | 5960 ||| FLEEEEING.
  5962 | D:7      | 5962 ||| STAIRDANCE
  6036 | D:7      | Found a sand-covered staircase.
  6037 | D:7      | 6037 ||| Stepping ~*~*~tactically~*~*~ (stealth).
  6048 | Ossuary  | Entered an ossuary
  6056 | Ossuary  | 6056 ||| Stepping ~*~*~tactically~*~*~ (stealth).
  6057 | Ossuary  | 6057 ||| Stepping ~*~*~tactically~*~*~ (stealth).
  6058 | Ossuary  | 6058 ||| Stepping ~*~*~tactically~*~*~ (stealth).
  6059 | Ossuary  | 6059 ||| Stepping ~*~*~tactically~*~*~ (stealth).
  6146 | Ossuary  | 6146 ||| Stepping ~*~*~tactically~*~*~ (stealth).
  6147 | Ossuary  | 6147 ||| Stepping ~*~*~tactically~*~*~ (stealth).
  6153 | Ossuary  | 6153 ||| Stepping ~*~*~tactically~*~*~ (stealth).
  6197 | Ossuary  | Reached skill level 3 in Invocations
  6220 | Ossuary  | 6220 ||| Stepping ~*~*~tactically~*~*~ (stealth).
  6335 | D:7      | 6335 ||| PLANNING D:1-11
  6406 | D:7      | 6406 ||| Stepping ~*~*~tactically~*~*~ (stealth).
  6473 | D:7      | 6473 ||| Stepping ~*~*~tactically~*~*~ (stealth).
  6476 | D:7      | 6476 ||| Stepping ~*~*~tactically~*~*~ (hiding).
  6587 | D:7      | 6587 ||| DROPPING +0 flail.
  6877 | D:7      | Found a glowing golden altar of the Shining One.
  6937 | D:7      | 6937 ||| UPGRADING to +0 pair of boots.
  6942 | D:7      | 6942 ||| READING scroll labelled QEFUWKE FEJO.
  6961 | D:8      | 6961 ||| INVOKING Heroism.
  6972 | D:8      | 6972 ||| Stepping ~*~*~tactically~*~*~ (stealth).
  6995 | D:8      | Noticed Erica
  6996 | D:8      | 6996 ||| Stepping ~*~*~tactically~*~*~ (hiding).
  6998 | D:8      | 6998 ||| INVOKING Heroism.
  7002 | D:8      | 7002 ||| DRINKING 2 potions of curing.
  7002 | D:8      | 7002 ||| (to cure confusion)
  7003 | D:8      | Killed Erica
  7003 | D:8      | Reached ** piety under Okawaru
  7004 | D:8      | Reached XP level 10. HP: 63/63 MP: 10/13
  7034 | D:8      | Found a broken altar of Ashenzari.
  7073 | D:8      | Identified the +1 rapier "Taezera" {freeze, Int+4 Dex-4}
  7227 | D:8      | 7227 ||| INVOKING Heroism.
  7229 | D:8      | 7229 ||| Stepping ~*~*~tactically~*~*~ (cloud).
  7250 | D:8      | 7250 ||| Stepping ~*~*~tactically~*~*~ (stealth).
  7257 | D:8      | Reached skill level 6 in Armour
  7302 | D:8      | 7302 ||| Stepping ~*~*~tactically~*~*~ (stealth).
  7387 | D:8      | Noticed a deep elf pyromancer
  7468 | D:8      | 7468 ||| Stepping ~*~*~tactically~*~*~ (stealth).
  7732 | D:8      | 7732 ||| UPGRADING to +0 plate armour.
  7742 | D:8      | 7742 ||| DROPPING +0 chain mail.
  7743 | D:8      | 7743 ||| DROPPING ring of magical power.
  7744 | D:8      | 7744 ||| READING scroll labelled KIUNISMIAF.
  7792 | D:9      | 7792 ||| INVOKING Heroism.
  7796 | D:9      | Found a staircase to the Lair.
  7807 | D:9      | 7807 ||| INVOKING Heroism.
  7816 | D:9      | Reached skill level 10 in Axes
  7816 | D:9      | HP: 12/63 [orc warrior/+0 halberd (7)]
  7817 | D:9      | 7817 ||| READING 4 scrolls of teleportation.
  7818 | D:9      | 7818 ||| DRINKING 3 potions of heal wounds.
  7819 | D:9      | Reached *** piety under Okawaru
  7933 | D:9      | 7933 ||| INVOKING Heroism.
  8003 | D:9      | 8003 ||| Stepping ~*~*~tactically~*~*~ (stealth).
  8004 | D:9      | 8004 ||| Stepping ~*~*~tactically~*~*~ (stealth).
  8104 | D:9      | Found a sacrificial altar of Ru.
  8105 | D:9      | 8105 ||| Stepping ~*~*~tactically~*~*~ (hiding).
  8106 | D:9      | 8106 ||| Stepping ~*~*~tactically~*~*~ (stealth).
  8189 | D:9      | 8189 ||| Stepping ~*~*~tactically~*~*~ (stealth).
  8190 | D:9      | 8190 ||| Stepping ~*~*~tactically~*~*~ (stealth).
  8198 | D:9      | Noticed a gargoyle
  8199 | D:9      | 8199 ||| Stepping ~*~*~tactically~*~*~ (hiding).
  8208 | D:9      | 8208 ||| INVOKING Heroism.
  8209 | D:9      | Killed a gargoyle
  8322 | D:9      | 8322 ||| INVOKING Heroism.
  8325 | D:9      | Reached XP level 11. HP: 36/68 MP: 11/14
  8453 | D:9      | 8453 ||| Stepping ~*~*~tactically~*~*~ (stealth).
  8475 | D:9      | Found a staircase to the Orcish Mines.
  8486 | D:9      | 8486 ||| Stepping ~*~*~tactically~*~*~ (stealth).
  8496 | D:9      | 8496 ||| Stepping ~*~*~tactically~*~*~ (stealth).
  8502 | D:9      | Found a flagged portal.
  8504 | D:9      | 8504 ||| Stepping ~*~*~tactically~*~*~ (water).
  8506 | D:9      | Noticed Harold
  8507 | D:9      | 8507 ||| INVOKING Heroism.
  8519 | D:9      | Killed Harold
  8523 | D:9      | 8523 ||| DROPPING +2 heavy flail.
  8611 | D:9      | Noticed Amaemon
  8612 | D:9      | 8612 ||| INVOKING Heroism.
  8623 | D:9      | 8623 ||| INVOKING Heroism.
  8624 | D:9      | Killed Amaemon
  8625 | D:9      | Reached skill level 11 in Axes
  8706 | D:9      | 8706 ||| Stepping ~*~*~tactically~*~*~ (stealth).
  8712 | D:9      | 8712 ||| INVOKING Heroism.
  8729 | D:9      | 8729 ||| INVOKING Heroism.
  8740 | D:9      | 8740 ||| Stepping ~*~*~tactically~*~*~ (stealth).
  8756 | D:9      | 8756 ||| FLEEEEING.
  8757 | D:9      | 8757 ||| FLEEEEING.
  8758 | D:9      | 8758 ||| FLEEEEING.
  8759 | D:9      | 8759 ||| FLEEEEING.
  8760 | D:9      | 8760 ||| FLEEEEING.
  8761 | D:9      | 8761 ||| FLEEEEING.
  8762 | D:9      | 8762 ||| STAIRDANCE
  8808 | D:8      | 8808 ||| READING 2 scrolls of identify.
  8808 | D:8      | 8808 ||| IDENTIFYING fuming grey potion
  8814 | D:9      | 8814 ||| Stepping ~*~*~tactically~*~*~ (stealth).
  8946 | D:9      | Found a burning altar of Makhleb.
  8946 | D:9      | Noticed a blizzard demon
  8953 | D:9      | 8953 ||| FLEEEEING.
  8954 | D:9      | 8954 ||| FLEEEEING.
  8955 | D:9      | 8955 ||| FLEEEEING.
  8956 | D:9      | 8956 ||| FLEEEEING.
  8963 | D:9      | 8963 ||| FLEEEEING.
  8964 | D:9      | 8964 ||| FLEEEEING.
  8965 | D:9      | 8965 ||| FLEEEEING.
  8966 | D:9      | 8966 ||| FLEEEEING.
  8968 | D:9      | 8968 ||| Stepping ~*~*~tactically~*~*~ (hiding).
  8990 | D:9      | 8990 ||| Stepping ~*~*~tactically~*~*~ (stealth).
  8991 | D:9      | 8991 ||| Stepping ~*~*~tactically~*~*~ (stealth).
  8994 | D:9      | Received a gift from Okawaru
  9122 | D:9      | 9122 ||| PLANNING LAIR
  9146 | Lair:1   | Entered Level 1 of the Lair of Beasts
  9159 | Lair:1   | Reached skill level 9 in Fighting
  9165 | Lair:1   | Received a gift from Okawaru
  9166 | Lair:1   | Reached skill level 9 in Armour
  9226 | Lair:1   | 9226 ||| Stepping ~*~*~tactically~*~*~ (hiding).
  9227 | Lair:1   | 9227 ||| Stepping ~*~*~tactically~*~*~ (hiding).
  9396 | Lair:1   | 9396 ||| INVOKING Heroism.
  9415 | Lair:1   | Reached **** piety under Okawaru
  9442 | Lair:1   | 9442 ||| Stepping ~*~*~tactically~*~*~ (hiding).
  9445 | Lair:1   | 9445 ||| INVOKING Heroism.
  9483 | Lair:1   | 9483 ||| INVOKING Heroism.
  9526 | Lair:1   | Noticed a catoblepas
  9527 | Lair:1   | 9527 ||| INVOKING Heroism.
  9540 | Lair:1   | Killed a catoblepas
  9541 | Lair:1   | Reached skill level 12 in Axes
  9729 | Lair:1   | 9729 ||| INVOKING Heroism.
  9733 | Lair:1   | Reached XP level 12. HP: 76/76 MP: 13/16
 10015 | Lair:1   | 10015 ||| READING 3 scrolls of identify.
 10015 | Lair:1   | 10015 ||| IDENTIFYING sapphire potion
 10016 | Lair:1   | 10016 ||| DROPPING potion of degeneration.
 10062 | Lair:2   | 10062 ||| Stepping ~*~*~tactically~*~*~ (stealth).
 10065 | Lair:2   | 10065 ||| Stepping ~*~*~tactically~*~*~ (stealth).
 10069 | Lair:2   | Reached skill level 6 in Invocations
 10071 | Lair:2   | Reached skill level 3 in Dodging
 10078 | Lair:2   | Reached ***** piety under Okawaru
 10080 | Lair:2   | Received a gift from Okawaru
 10119 | Lair:2   | 10119 ||| Stepping ~*~*~tactically~*~*~ (stealth).
 10123 | Lair:2   | 10123 ||| Stepping ~*~*~tactically~*~*~ (stealth).
 10124 | Lair:2   | 10124 ||| Stepping ~*~*~tactically~*~*~ (stealth).
 10129 | Lair:2   | 10129 ||| Stepping ~*~*~tactically~*~*~ (stealth).
 10135 | Lair:2   | Reached skill level 6 in Shields
 10201 | Lair:2   | 10201 ||| INVOKING Heroism.
 10238 | Lair:2   | 10238 ||| Stepping ~*~*~tactically~*~*~ (stealth).
 10268 | Lair:2   | 10268 ||| Stepping ~*~*~tactically~*~*~ (stealth).
 10269 | Lair:2   | 10269 ||| Stepping ~*~*~tactically~*~*~ (stealth).
 10270 | Lair:2   | 10270 ||| Stepping ~*~*~tactically~*~*~ (stealth).
 10271 | Lair:2   | 10271 ||| Stepping ~*~*~tactically~*~*~ (stealth).
 10284 | Lair:2   | 10284 ||| Stepping ~*~*~tactically~*~*~ (stealth).
 10314 | Lair:2   | Noticed a catoblepas
 10315 | Lair:2   | 10315 ||| INVOKING Heroism.
 10316 | Lair:2   | 10316 ||| INVOKING Finesse.
 10328 | Lair:2   | Killed a catoblepas
 10474 | Lair:2   | Found a hole to the Spider Nest.
 10490 | Lair:2   | Noticed a demonic crawler
 10491 | Lair:2   | 10491 ||| INVOKING Heroism.
 10502 | Lair:2   | Killed a demonic crawler
 10773 | Lair:2   | Found a staircase to the Swamp.
 10805 | Lair:2   | 10805 ||| Stepping ~*~*~tactically~*~*~ (stealth).
 10872 | Lair:2   | 10872 ||| Stepping ~*~*~tactically~*~*~ (stealth).
 10873 | Lair:2   | 10873 ||| INVOKING Heroism.
 10919 | Lair:2   | 10919 ||| Stepping ~*~*~tactically~*~*~ (stealth).
 11157 | Lair:2   | Received a gift from Okawaru
 11167 | Lair:2   | Noticed a catoblepas
 11168 | Lair:2   | 11168 ||| INVOKING Heroism.
 11169 | Lair:2   | 11169 ||| Stepping ~*~*~tactically~*~*~ (water).
 11170 | Lair:2   | 11170 ||| INVOKING Finesse.
 11179 | Lair:2   | 11179 ||| Stepping ~*~*~tactically~*~*~ (water).
 11184 | Lair:2   | 11184 ||| INVOKING Heroism.
 11185 | Lair:2   | Killed a catoblepas
 11186 | Lair:2   | Reached skill level 9 in Invocations
 11285 | Lair:2   | 11285 ||| Stepping ~*~*~tactically~*~*~ (hiding).
 11286 | Lair:2   | 11286 ||| Stepping ~*~*~tactically~*~*~ (hiding).
 11289 | Lair:2   | 11289 ||| Stepping ~*~*~tactically~*~*~ (hiding).
 11463 | Lair:2   | 11463 ||| INVOKING Heroism.
 11617 | Lair:2   | 11617 ||| READING scroll labelled YGRIEJATWI.
 11618 | Lair:2   | 11618 ||| READING scroll labelled NUMAONW TYEDD.
 11743 | Lair:3   | 11743 ||| INVOKING Heroism.
 11785 | Lair:3   | Reached XP level 13. HP: 82/82 MP: 20/20
 11865 | Lair:3   | 11865 ||| INVOKING Heroism.
 12019 | Lair:3   | 12019 ||| INVOKING Heroism.
 12029 | Lair:3   | Reached skill level 13 in Axes
 12161 | Lair:3   | 12161 ||| Stepping ~*~*~tactically~*~*~ (stealth).
 12163 | Lair:3   | 12163 ||| Stepping ~*~*~tactically~*~*~ (stealth).
 12164 | Lair:3   | 12164 ||| Stepping ~*~*~tactically~*~*~ (stealth).
 12165 | Lair:3   | 12165 ||| Stepping ~*~*~tactically~*~*~ (stealth).
 12187 | Lair:3   | 12187 ||| INVOKING Heroism.
 12549 | Lair:3   | 12549 ||| READING scroll labelled KITIAC WUEFA.
 12659 | Lair:4   | 12659 ||| INVOKING Heroism.
 12663 | Lair:4   | 12663 ||| INVOKING Finesse.
 12674 | Lair:4   | 12674 ||| SWAPPING to -1 demon whip of venom.
 12680 | Lair:4   | 12680 ||| SWAPPING to +2 war axe of draining.
 12790 | Lair:4   | 12790 ||| FLEEEEING.
 12791 | Lair:4   | 12791 ||| FLEEEEING.
 12792 | Lair:4   | 12792 ||| FLEEEEING.
 12793 | Lair:4   | 12793 ||| FLEEEEING.
 12794 | Lair:4   | 12794 ||| FLEEEEING.
 12795 | Lair:4   | 12795 ||| FLEEEEING.
 12796 | Lair:4   | 12796 ||| FLEEEEING.
 12797 | Lair:4   | 12797 ||| FLEEEEING.
 12798 | Lair:4   | 12798 ||| FLEEEEING.
 12799 | Lair:4   | 12799 ||| FLEEEEING.
 12800 | Lair:4   | 12800 ||| FLEEEEING.
 12965 | Lair:4   | 12965 ||| Stepping ~*~*~tactically~*~*~ (stealth).
 12968 | Lair:4   | 12968 ||| INVOKING Heroism.
 13060 | Lair:4   | Identified the +3 leather armour of the Solemn God {rElec
                  | Will++}
 13072 | Lair:4   | 13072 ||| INVOKING Heroism.
 13077 | Lair:4   | Received a gift from Okawaru
 13101 | Lair:4   | 13101 ||| Stepping ~*~*~tactically~*~*~ (stealth).
 13117 | Lair:4   | 13117 ||| Stepping ~*~*~tactically~*~*~ (stealth).
 13141 | Lair:4   | Reached skill level 14 in Axes
 13211 | Lair:4   | 13211 ||| INVOKING Heroism.
 13212 | Lair:4   | 13212 ||| INVOKING Finesse.
 13353 | Lair:4   | 13353 ||| INVOKING Heroism.
 13354 | Lair:4   | 13354 ||| Stepping ~*~*~tactically~*~*~ (stealth).
 13356 | Lair:4   | 13356 ||| INVOKING Finesse.
 13367 | Lair:4   | 13367 ||| Stepping ~*~*~tactically~*~*~ (stealth).
 13419 | Lair:4   | 13419 ||| INVOKING Heroism.
 13422 | Lair:4   | 13422 ||| INVOKING Finesse.
 13608 | Lair:4   | 13608 ||| INVOKING Heroism.
 13613 | Lair:4   | 13613 ||| SWAPPING to -1 demon whip of venom.
 13625 | Lair:4   | Gained mutation: Your large and strong wings let you fly.
                  | [Gargoyle growth]
 13625 | Lair:4   | Reached XP level 14. HP: 40/90 MP: 19/21
 13625 | Lair:4   | 13625 ||| SWAPPING to +2 war axe of draining.
 13924 | Lair:4   | 13924 ||| UPGRADING to +1 plate armour of willpower.
 13934 | Lair:4   | 13934 ||| DROPPING +0 plate armour.
 13944 | Lair:5   | Entered Level 5 of the Lair of Beasts
 13951 | Lair:5   | 13951 ||| STAIRDANCE
 13954 | Lair:4   | 13954 ||| INVOKING Heroism.
 14058 | Lair:5   | 14058 ||| STAIRDANCE
 14176 | Lair:5   | 14176 ||| INVOKING Heroism.
 14177 | Lair:5   | 14177 ||| Stepping ~*~*~tactically~*~*~ (stealth).
 14198 | Lair:5   | 14198 ||| INVOKING Finesse.
 14213 | Lair:5   | Reached skill level 15 in Axes
 14255 | Lair:5   | 14255 ||| INVOKING Heroism.
 14370 | Lair:5   | Found a staircase to the Slime Pits.
 14371 | Lair:5   | 14371 ||| FLEEEEING.
 14372 | Lair:5   | 14372 ||| STAIRDANCE
 14474 | Lair:4   | 14474 ||| DROPPING +6 ring of intelligence.
 14478 | Lair:5   | 14478 ||| INVOKING Heroism.
 14501 | Lair:5   | 14501 ||| INVOKING Heroism.
 14503 | Lair:5   | Received a gift from Okawaru
 14713 | Abyss:1  | Cast into level 1 of the Abyss (spriggan)
 14725 | Abyss:1  | 14725 ||| Stepping ~*~*~tactically~*~*~ (stealth).
 14728 | Abyss:1  | 14728 ||| Stepping ~*~*~tactically~*~*~ (stealth).
 14729 | Abyss:1  | 14729 ||| Stepping ~*~*~tactically~*~*~ (stealth).
 14732 | Abyss:1  | 14732 ||| Stepping ~*~*~tactically~*~*~ (stealth).
 14749 | Abyss:1  | 14749 ||| INVOKING Heroism.
 14760 | Abyss:1  | Noticed a profane servitor
 14778 | Abyss:1  | 14778 ||| INVOKING Heroism.
 14778 | Abyss:1  | HP: 15/90 [smoke demon/ball of steam (20)]
 14779 | Abyss:1  | 14779 ||| READING 8 scrolls of teleportation.
 14780 | Abyss:1  | 14780 ||| DRINKING 2 potions of heal wounds.
 14781 | Abyss:1  | 14781 ||| DRINKING potion of heal wounds.
 14784 | Abyss:1  | HP: 21/90 [profane servitor/+1 whip (2)]
 14785 | Abyss:1  | HP: 9/90 [profane servitor/+1 whip (12)]
 14787 | Abyss:1  | Slain by a profane servitor

Levels and vault maps discovered:
D:1:      kb_arrival_jail, layout_basic
D:2:      layout_loops_corners, basic_altar, minmay_puff, uniq_natasha,
          uniq_sigmund
D:3:      layout_loops_ring, grunt_qazlal_sundering, fedhas_altar_1,
          shapermc_ecumenical_altar_mp_ritualfount, glass_columns_a,
          uniq_terence
D:4:      layout_layer_cave, nicolae_vehumet_altar_sigil,
          nicolae_wooded_promenade, item_on_display_a, uniq_grinder
D:5:      layout_basic, general_overflow_altar, minmay_temple_entry_fiery,
          serial_shops, nicolae_shop_overgrown_old_shop
D:6:      layout_layer_cave, minmay_misc_feat_encased, uniq_menkaure
D:7:      layout_basic, nicolae_tso_swordbearing_angel, enter_ossuary_4
D:8:      layout_loops_ring, mainiacjoe_overflow_boulevard, wad_dig_loot,
          uniq_erica
D:9:      layout_long_grid, nicolae_ru_great_annihilating_truth,
          makhleb_altar_promises_db, minmay_lair_entry_grove, orc_0_dummy,
          enter_bailey_3, special_room [special_room_orc], uniq_amaemon,
          uniq_harold
Temple:   cyrus_circular_temple
Lair:1:   layout_long_grid, chequers_serial_rivers_micro_b, minmay_hedge_maze,
          grunt_forest_large_clearing_hut
Lair:2:   layout_regular_city, minmay_swamp_entry_swarm,
          nicolae_spider_entry_non_spiders, nicolae_lair_lindhole,
          grunt_megastairs_5, infiniplex_staircase_pool
Lair:3:   layout_cave_shapes, grunt_forest_small_clearings
Lair:4:   layout_cave_pods, lemuel_fruit_fields
Lair:5:   hellmonk_lair_end_abyssal_woods, layout_regular_city,
          minmay_slime_entry_oklob_open
Abyss:1:  base:
D:11

Skill      XL: |  1  2  3  4  5  6  7  8  9 10 11 12 13 14 |
---------------+-------------------------------------------+-----
Axes           | 2 3 5 6 7 8 9 10 12 14 15 | 15.0
Dodging        | 1 2 3 4 |  4.0
Fighting       | 4 5 6 7 8 9 10 11 | 11.4
Throwing       | 1 4 |  4.5
Armour         | 4 5 8 9 11 | 11.0
Invocations    | 1 4 5 9 10 | 10.0
Shields        | 4 5 6 7 |  7.1

Action                     |  1- 3 |  4- 6 |  7- 9 | 10-12 | 13-15 || total
---------------------------+-------+-------+-------+-------+-------++-------
  Melee: War axe           |    85 |   131 |   214 |   307 |   342 ||  1079
         Demon whip        |       |       |       |       |    16 ||    16
  Throw: Boomerang         |       |       |   120 |    61 |    63 ||   244
         Javelin           |       |       |       |    53 |    23 ||    76
 Invoke: Heroism           |       |       |     5 |    24 |    17 ||    46
         Finesse           |       |       |       |     2 |     5 ||     7
    Use: Scroll            |     4 |     2 |    12 |     6 |     2 ||    26
         Potion            |       |     2 |     4 |     1 |     2 ||     9
   Stab: Petrifying        |       |       |       |     1 |       ||     1
         Petrified         |       |       |       |     1 |       ||     1
 Armour: Scale mail        |    35 |    41 |    40 |       |       ||   116
         Chain mail        |       |       |   131 |    24 |       ||   155
         Plate armour      |       |       |       |   244 |   251 ||   495
  Dodge: Dodged            |    35 |    48 |   155 |   174 |   162 ||   574
  Block: Buckler           |    13 |    32 |    78 |   125 |   105 ||   353

Table legend:
 A = Non-vault XP
 B = Vault XP
 C = Vault XP percentage of total XP
 D = Non-vault monster count
 E = Vault monster count
 F = Vault count percentage of total count
                 A         B        C        D         E       F
            +---------+---------+-------+---------+---------+-------
      Total |   53345 |   13900 |  20.7 |     302 |     126 |  29.4
            +---------+---------+-------+---------+---------+-------
        D:1 |      21 |       0 |   0.0 |      13 |       0 |   0.0
        D:2 |      56 |     260 |  82.3 |      18 |       7 |  28.0
        D:3 |     158 |      36 |  18.6 |      22 |       1 |   4.3
        D:4 |      66 |     277 |  80.8 |      18 |       1 |   5.3
        D:5 |    1177 |       0 |   0.0 |      26 |       0 |   0.0
        D:6 |     563 |     165 |  22.7 |      15 |       1 |   6.2
        D:7 |    1027 |       2 |   0.2 |      20 |       2 |   9.1
        D:8 |     765 |     834 |  52.2 |      11 |       1 |   8.3
        D:9 |    1838 |    4894 |  72.7 |      16 |      48 |  75.0
     Lair:1 |    5658 |     844 |  13.0 |      24 |       3 |  11.1
     Lair:2 |    6861 |    4784 |  41.1 |      28 |      22 |  44.0
     Lair:3 |    6826 |       0 |   0.0 |      17 |       0 |   0.0
     Lair:4 |   21558 |       0 |   0.0 |      52 |       0 |   0.0
     Lair:5 |    6537 |    1301 |  16.6 |      21 |       3 |  12.5
    Abyss:1 |     234 |       0 |   0.0 |       1 |       0 |   0.0
    Ossuary |       0 |     503 | 100.0 |       0 |      37 | 100.0
            +---------+---------+-------+---------+---------+-------
